 Dungeon Crawl Stone Soup version 0.20-a0-454-g2b43fbb (webtiles) character file.

135 AlphabetPasta the Skirmisher (level 5, 0/42 HPs)
             Began as a Barachian Abyssal Knight on Jan 9, 2017.
             Was a Priest of Lugonu.
             Slain by Sigmund
             ... wielding a +0 scythe
              (2 damage)
             ... on level 2 of the Dungeon.
             The game lasted 00:09:02 (1742 turns).

AlphabetPasta the Skirmisher (BaAK)                 Turns: 1742, Time: 00:09:02

Health: 0/42       AC:  7    Str: 11    XL:     5   Next: 18%
Magic:  7/7        EV:  9    Int: 10    God:    Lugonu [***...]
Gold:   95         SH:  0    Dex: 11    Spells: 4/4 levels left

rFire  . . .     SeeInvis .     a - +1 hand axe
rCold  . . .     Gourm    .     e - +0 scale mail
rNeg   . . .     Faith    .     (no shield)
rPois  .         Spirit   .     (no helmet)
rElec  .         Reflect  .     (no cloak)
rCorr  .         Harm     .     g - +0 pair of gloves
MR     .....                    (no boots)
Stlth  ..........               (no amulet)
                                (no ring)
                                (no ring)

@: flying, slow
A: swims, slowness 1, strong legs 1
a: Hop, Depart the Abyss, Bend Space, Banish, Renounce Religion


You were on level 2 of the Dungeon.
You worshipped Lugonu.
Lugonu was most pleased with you.
You were not hungry.

You visited 1 branch of the dungeon, and saw 2 of its levels.
You visited the Abyss 1 time.

You collected 95 gold pieces.

Inventory:

Hand Weapons
 a - a +1 hand axe (weapon)
Armour
 b - a +0 leather armour
 e - a +0 scale mail (worn)
 g - a +0 pair of gloves (worn)
Jewellery
 d - an uncursed ring of magical power {unknown}
 n - a cursed amulet of inaccuracy
Scrolls
 j - 2 scrolls of noise {unknown}
 l - a scroll of magic mapping {unknown}
Potions
 i - a potion of cancellation
 k - a potion of brilliance
Comestibles
 c - a bread ration
 p - 5 chunks of flesh


   Skills:
 + Level 4.0 Fighting
 * Level 3.4 Axes
 + Level 2.9 Armour
 + Level 2.0 Dodging
 + Level 2.8 Invocations


You had 4 spell levels left.
You didn't know any spells.

Dungeon Overview and Level Annotations

Branches:
Dungeon (2/15)

Altars:

Annotations:
D:2 Sigmund


Innate Abilities, Weirdness & Mutations

You can swim through water.
You cover ground slowly.
You can hop short distances.


Message History

You slash the hobgoblin!
You kill the hobgoblin!
Lugonu accepts your kill.
You feel a little less mighty now. Something hits you.
A puff of flame appears from out of thin air!
The puff of flame hits you!
A magic dart appears from out of thin air!
The magic dart hits you! Something hits you.
You barely miss something. Something hits you!
* * * LOW HITPOINT WARNING * * *
You closely miss something. Something hits you but does no damage.
It was a potion of flight.
You feel very buoyant.
You fly up into the air.
As you read the scroll labeled LEATHR AWUCUFROTZ, it crumbles to dust.
The creatures around you are filled with an inner flame!
It was a scroll of immolation.
Something hits you.
You die...

### ### #.##############.#######
#......................#
#.#.#####.######.##.##.#
####.#.#####.######.##.##.######
................@..............##
..##.#.#####.###.................
.......# #.# ###..#..##.#.##.##
..##.#.# #.# #..#..#.......##
##.....# #.# #..#..#..#.##.##
#.#.#.# #.# #..#..#..#......
#.#.#.# #.# #.>#..#..#.##.##
#.....# #.# #..#..#..#.##.## .#
..# ###.............##


There were no monsters in sight!

Vanquished Creatures
  Natasha (twice) (D:2)
  Robin (D:2)
  A gnoll (D:1)
  2 dart slugs (D:1)
  2 giant cockroaches (D:2)
  11 hobgoblins
  7 jackals (D:1)
  A quokka (D:2)
  5 bats
  A frilled lizard (D:1)
  9 goblins (D:1)
  9 kobolds
  10 rats
61 creatures vanquished.

Notes
Turn   | Place    | Note
-------+----------+-------------------------------------------
     0 | Abyss:1  | AlphabetPasta the Barachian Abyssal Knight began the quest for the Orb.
     0 | Abyss:1  | Reached XP level 1. HP: 18/18 MP: 2/2
    62 | D:1      | Escaped the Abyss
   152 | D:1      | Reached XP level 2. HP: 14/24 MP: 3/3
   395 | D:1      | Reached XP level 3. HP: 24/29 MP: 4/4
   470 | D:1      | Reached ** piety under Lugonu
   864 | D:2      | Noticed Robin
  1075 | D:1      | Reached XP level 4. HP: 24/37 MP: 5/5
  1294 | D:2      | Killed Robin
  1296 | D:2      | Got a heavily runed helmet
  1302 | D:2      | Identified the -5 helmet of Celop {rN+ Str-4 Int+9 Dex+2} (You took it off Robin on level 2 of the Dungeon)
  1493 | D:2      | Reached *** piety under Lugonu
  1504 | D:2      | Noticed Natasha
  1508 | D:2      | Killed Natasha
  1508 | D:2      | Reached skill level 4 in Fighting
  1655 | D:2      | Noticed Natasha
  1673 | D:2      | Killed Natasha
  1673 | D:2      | Reached XP level 5. HP: 13/42 MP: 7/7
  1716 | D:2      | Noticed Sigmund
  1739 | D:2      | HP: 1/42 [something (12)]
  1742 | D:2      | Slain by Sigmund

Vault maps used:
D:1:      shiori_shiawase
D:2:      gammafunk_temple_overflow_claw, uniq_natasha, uniq_sigmund, uniq_robin

Skill      XL: |  1  2  3  4 |
---------------+-------------+-----
Axes           | 3 |  3.4
Fighting       | 4 |  4.0
Dodging        | 2 |  2.0
Armour         | |  2.9
Invocations    | |  2.8

Action                   |  1- 3 |  4- 6 || total
-------------------------+-------+-------++-------
Melee: Hand axe          |   140 |    77 ||   217
 Abil: Hop               |     1 |     1 ||     2
  Use: Scroll            |     5 |     4 ||     9
       Potion            |       |     3 ||     3
  Eat: Chunk             |     1 |     3 ||     4
Armor: Scale mail        |    72 |    32 ||   104
       Leather armour    |     1 |       ||     1
Dodge: Dodged            |    75 |    34 ||   109
